[Event "42nd Olympiad Baku 2016 Open"]
[Site "Baku"]
[Date "2016.09.08"]
[Round "6.3"]
[White "Damaso, Rui"]
[Black "Vazquez Igarza, Renier"]
[Result "0-1"]
[ECO "B43"]
[WhiteElo "2444"]
[BlackElo "2580"]
[Annotator ""]
[PlyCount "74"]
[EventDate "2016.??.??"]
[EventCountry "AZE"]
[SourceTitle "playchess.com"]
[Source "ChessBase"]
[WhiteTeam "Portugal"]
[BlackTeam "Spain"]
[WhiteTeamCountry "POR"]
[BlackTeamCountry "ESP"]
[TimeControl "40/5400+30:1800+30"]

1. e4 {(00:00} c5 {(00:00} 2. Nf3 {(00:03} e6 {(
00:20} 3. Nc3 {(01:10} a6 {(02:37} 4. d4 {(01:07} cxd4
{(00:06} 5. Nxd4 {(00:03} Qc7 {(00:05} 6. g3 {(
01:49} Nc6 {(00:44} 7. Bg2 {(00:30} Nge7 {(00:51} 8.
Nb3 {(02:01} Ne5 {(07:01} 9. a4 {(04:35} b6 {(
02:32} 10. f4 {(12:45} Nc4 {(02:00} 11. Qd3 {(04:11}
Bb7 {(02:21} 12. Nd4 {(04:24} Rc8 {(08:51} 13. h4 {
(31:24} g6 {(22:48} 14. h5 {(18:29} Bg7 {(02:06]
} 15. h6 {(00:15} Bf6 {(01:12} 16. O-O {(00:56} O-O {
(15:28} 17. e5 {(00:35} Bxg2 {(02:31} 18. Kxg2 {
(00:26} Bh8 {(00:56} 19. Ne4 {(04:59} d6 {(01:
58} 20. Nf6+ {(04:07} Bxf6 {(00:08} 21. exf6 {(00:02}
Nf5 {(01:49} 22. b3 {(01:54} Na5 {(02:53} 23. Nxf5 {
(02:01} Qxc2+ {(05:33} 24. Qxc2 {(00:06} Rxc2+ {
(00:05} 25. Rf2 {(00:28} Rxf2+ {(00:02} 26. Kxf2 {
(00:08} gxf5 {(00:05} 27. b4 {(03:13} Nc4 {(01:
09} 28. b5 {(00:03} Ra8 {(01:17} 29. bxa6 {(01:04}
Rxa6 {(00:08} 30. Ke2 {(00:26} Kf8 {(00:57} 31. Kd3 {
(00:32} d5 {(01:42} 32. Kc3 {(00:07} Ke8 {(00:
51} 33. Kb4 {(00:17} Kd7 {(00:07} 34. Ra2 {(00:16} Ra8
{(01:31} 35. Bd2 {(00:17} Rg8 {(01:04} 36. Be1 {
(00:26} Kc6 {(00:08} 37. Rh2 {(01:04} Rg6 {(00:
18} 0-1

[Event "42nd Olympiad Baku 2016 Open"]
[Site "Baku"]
[Date "2016.09.08"]
[Round "6.11"]
[White "Darwish, Hashim"]
[Black "Hj, Azahari Md Aliuddin"]
[Result "0-1"]
[ECO "B07"]
[WhiteElo "1766"]
[BlackElo "2004"]
[Annotator ""]
[PlyCount "66"]
[EventDate "2016.??.??"]
[EventCountry "AZE"]
[SourceTitle "playchess.com"]
[Source "ChessBase"]
[WhiteTeam "BRN"]
[BlackTeam "BRU"]
[WhiteTeamCountry "BRN"]
[BlackTeamCountry "BRN"]
[TimeControl "40/5400+30:1800+30"]

1. e4 {(00:07} d6 {(00:10} 2. d4 {(00:27} Nf6 {(
01:19} 3. Nd2 {(03:49} e5 {(04:10} 4. Bb5+ {(01:04} c6
{(01:35} 5. dxe5 {(01:15} dxe5 {(00:59} 6. Bc4 {
(00:33} Bc5 {(02:10} 7. Ngf3 {(02:06} Nbd7 {(01:
10} 8. O-O {(00:45} O-O {(01:33} 9. Qe2 {(01:36} Qe7 {
(05:10} 10. Nb3 {(02:43} Bb6 {(04:35} 11. Bg5 {(
00:39} Re8 {(03:51} 12. Rad1 {(03:48} Nf8 {(03:32} 13.
Be3 {(03:20} Ng6 {(05:25} 14. Ng5 {(03:03} Rf8 {
(03:30} 15. a4 {(06:07} h6 {(05:16} 16. Nf3 {(
10:44} Nh5 {(17:33} 17. a5 {(08:28} Nhf4 {(04:17} 18.
Bxf4 {(00:24} Nxf4 {(00:10} 19. Qe1 {(01:56} Bg4 {
(04:03} 20. Be2 {(01:10} Bc7 {(02:28} 21. Nfd4 {
(04:24} Qg5 {(05:01} 22. Nf3 {(02:07} Qh5 {(01:
16} 23. Nc5 {(00:54} Bxa5 {(01:06} 24. c3 {(01:10} Bb6
{(05:25} 25. Nd3 {(01:34} Nxg2 {(01:15} 26. Kxg2 {
(01:11} Qh3+ {(00:14} 27. Kg1 {(01:40} Bxf3 {(
00:28} 28. Bxf3 {(00:07} Qxf3 {(00:08} 29. Nxe5 {(00:
32} Qf4 {(00:50} 30. Nd7 {(07:22} Rfe8 {(00:25} 31.
Nxb6 {(00:43} Qg4+ {(00:09} 32. Kh1 {(00:21} Qf3+ {
(00:05} 33. Kg1 {(00:07} Re6 {(00:17} 0-1

[Event "42nd Olympiad Baku 2016 Open"]
[Site "Baku"]
[Date "2016.09.08"]
[Round "6.8"]
[White "Davila Blanco, Juan Jose"]
[Black "Fressinet, Laurent"]
[Result "0-1"]
[ECO "A48"]
[WhiteElo "1904"]
[BlackElo "2664"]
[Annotator ""]
[PlyCount "106"]
[EventDate "2016.??.??"]
[EventCountry "AZE"]
[SourceTitle "playchess.com"]
[Source "ChessBase"]
[WhiteTeam "Puerto Rico"]
[BlackTeam "France"]
[WhiteTeamCountry "PUR"]
[BlackTeamCountry "FRA"]
[TimeControl "40/5400+30:1800+30"]

1. d4 {(00:00} Nf6 {(00:00} 2. Nf3 {(00:00} g6 {
(00:00} 3. Bg5 {(00:00} Bg7 {(00:00} 4. c3 {(00:
22} d6 {(01:16} 5. Nbd2 {(02:26} h6 {(00:37} 6. Bh4 {
(00:52} g5 {(00:29} 7. Bg3 {(00:29} Nh5 {(00:07]
} 8. e4 {(05:28} e6 {(02:38} 9. e5 {(14:34} Nc6 {
(11:07} 10. Nc4 {(08:35} Nxg3 {(07:07} 11. hxg3 {
(00:32} Qe7 {(01:45} 12. Qa4 {(13:17} Bd7 {(08:
23} 13. Qa3 {(08:51} dxe5 {(07:38} 14. Qxe7+ {(01:15}
Kxe7 {(00:03} 15. Ncxe5 {(04:03} Nxe5 {(04:50} 16. Nxe5
{(01:14} Be8 {(00:05} 17. Nd3 {(06:59} b6 {(04:
39} 18. Be2 {(05:27} Rc8 {(01:44} 19. O-O-O {(07:29}
c5 {(02:08} 20. dxc5 {(00:19} bxc5 {(00:07} 21. Rhe1 {
(01:48} a5 {(14:49} 22. Bh5 {(04:29} Ba4 {(11:
47} 23. Rd2 {(05:47} Rhd8 {(00:11} 24. Ne5 {(01:46}
Rxd2 {(01:35} 25. Kxd2 {(00:05} Be8 {(00:08} 26. Nc4 {
(03:23} a4 {(00:57} 27. Kc2 {(00:45} Bb5 {(01:
30} 28. Na3 {(00:39} Bc6 {(00:56} 29. Bf3 {(00:25}
Bxf3 {(04:05} 30. gxf3 {(00:05} h5 {(00:02} 31. Re4 {
(02:40} Rh8 {(01:10} 32. Rxa4 {(00:42} h4 {(00:
55} 33. gxh4 {(00:08} gxh4 {(00:05} 34. Re4 {(00:21}
h3 {(01:18} 35. Re1 {(00:05} h2 {(00:46} 36. Rh1 {
(00:12} Be5 {(00:33} 37. Nc4 {(00:12} Bf4 {(01:
00} 38. Ne3 {(00:33} Rg8 {(01:56} 39. Ng4 {(00:30} f5
{(00:38} 40. Rxh2 {(00:00} Bxh2 {(00:00} 41. Nxh2 {
(03:04} Rg1 {(04:42} 42. f4 {(02:29} Rg2 {(00:
43} 43. Nf3 {(00:24} Rxf2+ {(00:04} 44. Nd2 {(00:06}
Rxf4 {(00:05} 45. Kd3 {(02:35} e5 {(01:41} 46. Nc4 {
(01:04} e4+ {(03:53} 47. Ke2 {(00:17} Rh4 {(00:
51} 48. a4 {(02:06} f4 {(01:34} 49. a5 {(00:49} Rh2+ {
(01:37} 50. Ke1 {(00:38} Kd8 {(06:12} 51. a6 {(
07:48} Rh6 {(02:46} 52. a7 {(00:55} Ra6 {(00:06} 53.
Nd6 {(01:28} Rxa7 {(00:36} 0-1

[Event "42nd Olympiad Baku 2016 Open"]
[Site "Baku"]
[Date "2016.09.08"]
[Round "6.14"]
[White "Davy, Damion"]
[Black "Shaw, John"]
[Result "1/2-1/2"]
[ECO "B56"]
[WhiteElo "2117"]
[BlackElo "2454"]
[Annotator ""]
[PlyCount "104"]
[EventDate "2016.??.??"]
[EventCountry "AZE"]
[SourceTitle "playchess.com"]
[Source "ChessBase"]
[WhiteTeam "Jamaica"]
[BlackTeam "Scotland"]
[WhiteTeamCountry "JAM"]
[BlackTeamCountry "SCO"]
[TimeControl "40/5400+30:1800+30"]

1. e4 {(00:00} c5 {(00:00} 2. Nf3 {(00:00} d6 {(
00:00} 3. d4 {(00:11} cxd4 {(00:00} 4. Nxd4 {(00:05}
Nf6 {(00:00} 5. Nc3 {(00:06} Bd7 {(00:02} 6. Bc4 {
(04:04} Nc6 {(00:24} 7. Bb3 {(00:35} g6 {(01:19]
} 8. f3 {(01:46} Nxd4 {(00:06} 9. Qxd4 {(00:06} Bg7 {
(00:05} 10. Bg5 {(01:58} O-O {(03:55} 11. O-O-O {
(02:00} h6 {(32:54} 12. Bh4 {(05:48} g5 {(05:34]
} 13. Be1 {(02:13} a5 {(02:32} 14. a4 {(04:52} Be6 {
(06:13} 15. Bxe6 {(05:53} fxe6 {(00:02} 16. e5 {
(12:26} Nd7 {(23:43} 17. Qg4 {(02:33} Nxe5 {(00:
30} 18. Qxe6+ {(00:08} Rf7 {(00:11} 19. h4 {(03:13}
Qc8 {(01:57} 20. Qd5 {(03:25} e6 {(07:07} 21. Qxd6 {
(04:16} Nc4 {(00:05} 22. Qd3 {(03:08} Qc5 {(00:
22} 23. Ne4 {(05:32} Bxb2+ {(03:37} 24. Kb1 {(00:23}
Qc6 {(02:15} 25. Bc3 {(07:04} Bxc3 {(00:22} 26. Nxc3 {
(00:07} Ne5 {(02:26} 27. Qd4 {(00:40} Rc8 {(03:
14} 28. Qxe5 {(02:14} Rf5 {(02:57} 29. Qe4 {(05:18}
Qxc3 {(00:54} 30. Qxe6+ {(00:04} Rf7 {(00:19} 31. Qb3 {
(01:00} Rc4 {(00:48} 32. Qxc3 {(01:16} Rxc3 {(
00:01} 33. hxg5 {(00:04} hxg5 {(00:28} 34. Rd5 {(00:30]
} g4 {(00:32} 35. Rxa5 {(06:55} gxf3 {(00:27} 36. gxf3
{(00:46} Rcxf3 {(00:14} 37. Kb2 {(01:46} Kf8 {(
01:15} 38. Rb5 {(00:36} R3f4 {(00:42} 39. Kb3 {(01:04}
Rc7 {(01:10} 40. Rhh5 {(00:00} Rf3+ {(00:00} 41. Kb2 {
(08:56} Rfc3 {(06:33} 42. Rh8+ {(03:45} Ke7 {(
04:29} 43. Rh7+ {(02:17} Kf6 {(04:37} 44. Rxc7 {(04:03]
} Rxc7 {(00:06} 45. Rd5 {(00:03} Ke6 {(00:45} 46. Rd3 {
(00:06} b6 {(02:32} 47. Rc3 {(01:41} Ra7 {(00:
29} 48. Kb3 {(00:48} Kd6 {(00:21} 49. Kb4 {(01:11} Ra5
{(00:11} 50. Rd3+ {(18:13} Kc6 {(00:14} 51. c4 {
(00:10} Rh5 {(01:09} 52. Rg3 {(02:02} Rh1 {(01:
44} 1/2-1/2

[Event "42nd Olympiad Baku 2016 Open"]
[Site "Baku"]
[Date "2016.09.08"]
[Round "6.31"]
[White "Deac, Bogdan-Daniel"]
[Black "Guseinov, Gadir"]
[Result "1/2-1/2"]
[ECO "B36"]
[WhiteElo "2524"]
[BlackElo "2625"]
[Annotator ""]
[PlyCount "88"]
[EventDate "2016.??.??"]
[EventCountry "AZE"]
[SourceTitle "playchess.com"]
[Source "ChessBase"]
[WhiteTeam "Romania"]
[BlackTeam "Azerbaijan"]
[WhiteTeamCountry "ROU"]
[BlackTeamCountry "AZE"]
[TimeControl "40/5400+30:1800+30"]

1. e4 {(00:00} c5 {(00:00} 2. Nf3 {(00:00} Nc6 {
(00:00} 3. d4 {(00:00} cxd4 {(01:05} 4. Nxd4 {(
00:00} g6 {(00:58} 5. c4 {(00:03} Nf6 {(00:14} 6. Nc3
{(00:10} Nxd4 {(00:05} 7. Qxd4 {(00:08} d6 {(00:
09} 8. Be3 {(00:04} Bg7 {(00:06} 9. Be2 {(00:03} O-O {
(00:35} 10. Qd2 {(00:10} a5 {(14:17} 11. O-O {(
05:43} a4 {(01:27} 12. Rab1 {(04:06} Qa5 {(09:17} 13.
f3 {(08:06} Be6 {(00:33} 14. Rfc1 {(01:15} Rfc8 {
(00:58} 15. b4 {(00:41} axb3 {(01:04} 16. axb3 {
(00:07} Qb4 {(11:16} 17. Rc2 {(30:25} Nd7 {(08:
33} 18. Nb5 {(07:56} Qxd2 {(01:20} 19. Rxd2 {(00:05}
Nc5 {(04:28} 20. Bd4 Bxd4+ {(05:55} 21. Nxd4 {(11:18}
Bd7 {(02:24} 22. b4 {(04:21} Ne6 {(07:05} 23. c5 {
(04:00} dxc5 {(00:48} 24. Nxe6 {(00:07} Bxe6 {(
00:08} 25. bxc5 {(00:03} Rc7 {(01:18} 26. Rc2 {(01:45}
Ra5 {(11:05} 27. Bb5 {(03:42} f5 {(08:28} 28. Bd3 {
(11:47} Kf7 {(01:32} 29. exf5 {(00:56} gxf5 {(
00:58} 30. Rb6 {(00:21} Raxc5 {(06:10} 31. Rxc5 {(00:
15} Rxc5 {(00:01} 32. Rxb7 {(00:12} Rc3 {(00:27} 33.
Be2 {(00:56} Rc2 {(00:45} 34. Kf1 {(00:18} Bd5 {
(01:39} 35. Rb4 {(03:47} e6 {(00:49} 36. g4 {(
02:03} h6 {(00:25} 37. gxf5 {(00:30} exf5 {(00:04} 38.
Kf2 {(00:36} Kf6 {(00:28} 39. Ke3 {(00:12} Be6 {
(00:28} 40. h4 {(00:00} Rc3+ {(00:00} 41. Kf4 {(
01:27} Rc2 {(01:09} 42. Ke3 {(00:08} Rc3+ {(00:09} 43.
Kf4 {(00:04} Rc2 {(00:04} 44. Ke3 {(00:12} Rc3+ {
(00:12] Ke4 Ke5+} 1/2-1/2

[Event "42nd Olympiad Baku 2016 Open"]
[Site "Baku"]
[Date "2016.09.08"]
[Round "6.14"]
[White "Del Castilho, Martyn"]
[Black "De La Riva Aguado, Oscar"]
[Result "0-1"]
[ECO "B48"]
[WhiteElo "2248"]
[BlackElo "2503"]
[Annotator ""]
[PlyCount "60"]
[EventDate "2016.??.??"]
[EventCountry "AZE"]
[SourceTitle "playchess.com"]
[Source "ChessBase"]
[WhiteTeam "Barbados"]
[BlackTeam "Andorra"]
[WhiteTeamCountry "BAR"]
[BlackTeamCountry "AND"]
[TimeControl "40/5400+30:1800+30"]

1. e4 {(00:00} c5 {(00:00} 2. Nf3 {(00:00} Nc6 {
(00:27} 3. d4 {(00:00} cxd4 {(00:11} 4. Nxd4 {(
00:04} e6 {(01:10} 5. Nc3 {(00:17} Qc7 {(00:09} 6. Be3
{(00:45} Nf6 {(03:42} 7. Ndb5 {(05:52} Qb8 {(02:
58} 8. f4 {(05:27} a6 {(05:29} 9. e5 {(18:51} axb5 {
(02:51} 10. exf6 {(00:05} b4 {(09:02} 11. Nb5 {(
04:26} b6 {(00:27} 12. fxg7 {(20:25} Bxg7 {(00:43} 13.
Nd6+ {(07:12} Ke7 {(02:05} 14. Nc4 {(15:34} d5 {
(27:41} 15. Nxb6 {(02:34} d4 {(02:42} 16. Nxc8+ {
(00:45} Rxc8 {(00:11} 17. Bd2 {(00:13} d3 {(00:
37} 18. Bxd3 {(00:57} Bxb2 {(00:19} 19. Rb1 {(06:01}
Bd4 {(10:06} 20. Qh5 {(01:45} Rxa2 {(06:07} 21. Kd1 {
(02:17} Qa7 {(03:32} 22. Rf1 {(01:13} Bf6 {(03:
39} 23. f5 {(01:31} Ra1 {(00:33} 24. Rxa1 {(04:09}
Qxa1+ {(00:11} 25. Bc1 {(00:01} e5 {(06:59} 26. g4 {
(00:35} h6 {(02:44} 27. Ke2 {(00:46} Nd4+ {(00:
42} 28. Kf2 {(00:06} Nxc2 {(00:10} 29. Qxh6 {(01:15}
Rh8 {(01:46} 30. Be3 {(01:12} Qc3 {(00:31} 0-1

[Event "42nd Olympiad Baku 2016 Open"]
[Site "Baku"]
[Date "2016.09.08"]
[Round "6.35"]
[White "Delgadillo, Adonay"]
[Black "Allam, Mohamed"]
[Result "0-1"]
[ECO "C18"]
[WhiteElo "2232"]
[BlackElo "1850"]
[Annotator ""]
[PlyCount "60"]
[EventDate "2016.??.??"]
[EventCountry "AZE"]
[SourceTitle "playchess.com"]
[Source "ChessBase"]
[WhiteTeam "Bolivia"]
[BlackTeam "Palestine"]
[WhiteTeamCountry "BOL"]
[BlackTeamCountry "PLE"]
[TimeControl "40/5400+30:1800+30"]

1. e4 {(00:00} e6 {(00:00} 2. d4 {(00:00} d5 {(
00:00} 3. Nc3 {(00:00} Bb4 {(00:00} 4. e5 {(00:00} c5
{(00:00} 5. a3 {(00:00} Bxc3+ {(00:00} 6. bxc3 {
(00:10} Ne7 {(00:00} 7. Qg4 {(12:20} O-O {(00:
00} 8. Bd3 {(00:40} Nbc6 {(00:04} 9. Bg5 {(01:15} Qa5
{(01:43} 10. Ne2 {(01:22} cxd4 {(02:26} 11. f4 {
(32:53} Ng6 {(09:48} 12. Qh5 {(00:17} dxc3 {(08:
32} 13. Rf1 {(04:28} d4 {(21:54} 14. Rf3 {(08:40}
Ncxe5 {(00:05} 15. fxe5 {(00:12} Qxe5 {(00:10} 16. Qg4
Qc5 {(05:24} 17. Bxg6 {(32:33} hxg6 {(01:13} 18. Qh4 {
(01:31} f6 {(07:26} 19. Bxf6 {(00:10} Rxf6 {(00:
42} 20. Rxf6 {(00:01} Qe7 {(03:11} 21. Rf8+ {(00:02}
Qxf8 {(00:48} 22. Qxd4 {(00:03} e5 {(00:47} 23. Qd5+ {
(00:14} Kh7 {(01:36} 24. Rb1 {(01:41} Bg4 {(02:
32} 25. h3 {(02:57} Rd8 {(03:27} 26. Qe4 {(00:41} Bxe2
{(01:28} 27. Qxe2 {(00:03} Qc5 {(05:07} 28. Qe4 {
(00:49} Qg1+ {(00:34} 29. Ke2 {(00:01} Rd2+ {(
00:16} 30. Kf3 {(00:12} Qxg2+ {(00:04} 0-1

[Event "42nd Olympiad Baku 2016 Open"]
[Site "Baku"]
[Date "2016.09.08"]
[Round "6.20"]
[White "Demosthenous, Andreas"]
[Black "Khuphwathea, Paul C"]
[Result "0-1"]
[ECO "B33"]
[WhiteElo "1983"]
[BlackElo "1879"]
[Annotator ""]
[PlyCount "52"]
[EventDate "2016.??.??"]
[EventCountry "AZE"]
[SourceTitle "playchess.com"]
[Source "ChessBase"]
[WhiteTeam "Cyprus"]
[BlackTeam "MAW"]
[WhiteTeamCountry "CYP"]
[TimeControl "40/5400+30:1800+30"]

1. e4 {(00:00} c5 {(00:39} 2. Nf3 {(00:00} Nc6 {
(00:19} 3. d4 {(00:00} cxd4 {(00:05} 4. Nxd4 {(
00:00} Nf6 {(00:52} 5. Nc3 {(01:16} g6 {(00:51} 6.
Nxc6 {(00:59} bxc6 {(02:02} 7. e5 {(00:41} Nh5 {
(00:44} 8. Bc4 {(04:52} Qc7 {(02:37} 9. Qd4 {(
03:44} Bg7 {(00:58} 10. f4 {(03:18} f6 {(03:27} 11.
O-O {(15:02} fxe5 {(03:18} 12. fxe5 {(00:35} Bxe5 {
(01:08} 13. Bf7+ {(00:46} Kd8 {(00:14} 14. Qh4 {
(01:05} Bf6 {(00:37} 15. Qe4 {(10:32} Qe5 {(05:
01} 16. Qxe5 {(09:39} Bxe5 {(00:13} 17. Be3 {(00:32}
Nf6 {(03:47} 18. Rad1 {(01:03} Bxh2+ {(00:17} 19. Kh1 {
(01:01} Be5 {(00:50} 20. Rfe1 {(02:10} Kc7 {(00:
57} 21. Bg5 {(05:01} d6 {(00:49} 22. Na4 {(03:39} Bf5
{(00:54} 23. c4 {(01:08} Bc2 {(00:15} 24. Rc1 {(
02:25} Bxa4 {(00:07} 25. b3 {(00:19} Kd7 {(04:00} 26.
Rcd1 {(04:33} Ng4 {(01:41} 0-1

[Event "42nd Olympiad Baku 2016 Open"]
[Site "Baku"]
[Date "2016.09.08"]
[Round "6.36"]
[White "Diermair, Andreas"]
[Black "Flores Guerrero, Jesus Ald"]
[Result "1-0"]
[ECO "A04"]
[WhiteElo "2478"]
[BlackElo "2345"]
[Annotator ""]
[PlyCount "53"]
[EventDate "2016.??.??"]
[EventCountry "AZE"]
[SourceTitle "playchess.com"]
[Source "ChessBase"]
[WhiteTeam "Austria"]
[BlackTeam "Mexico"]
[WhiteTeamCountry "AUT"]
[BlackTeamCountry "MEX"]
[TimeControl "40/5400+30:1800+30"]

1. Nf3 {(00:00} f5 {(00:41} 2. g3 {(00:00} b6 {(
00:09} 3. Bg2 {(00:29} Bb7 {(00:16} 4. O-O {(00:36}
Nf6 {(00:31} 5. c4 {(01:36} e6 {(00:10} 6. d4 {(
05:02} Qc8 {(01:00} 7. b3 {(11:03} Be7 {(00:40} 8. Bb2
{(01:27} O-O {(00:31} 9. Nc3 {(01:25} Nc6 {(04:
07} 10. d5 {(02:38} Nd8 {(00:08} 11. Rc1 {(03:50} Nf7
{(01:05} 12. Qc2 {(01:48} g6 {(03:06} 13. e4 {(
02:50} fxe4 {(11:23} 14. Nxe4 {(00:13} Nxe4 {(00:12}
15. Qxe4 {(00:02} Nd6 {(00:07} 16. Qe2 {(06:10} Bf6 {
(03:48} 17. Ne5 {(02:54} exd5 {(28:56} 18. Ng4 {
(03:13} d4 {(02:42} 19. Nxf6+ {(01:56} Rxf6 {(
00:22} 20. Qe5 {(05:30} Ne8 {(04:58} 21. Qxd4 {(01:39}
Bxg2 {(03:38} 22. Rfe1 {(06:09} Re6 {(16:20} 23. Qh8+ {
(00:35} Kf7 {(00:12} 24. Qxh7+ {(00:23} Kf8 {(
00:12} 25. Kxg2 {(01:44} d6 {(05:30} 26. Re3 {(02:58}
c5 {(07:29} 27. Rf3+ {(01:33} 1-0

[Event "42nd Olympiad Baku 2016 Open"]
[Site "Baku"]
[Date "2016.09.08"]
[Round "6.4"]
[White "Draskovic, Luka"]
[Black "Zhu, Chen"]
[Result "0-1"]
[ECO "A21"]
[WhiteElo "2448"]
[BlackElo "2418"]
[Annotator ""]
[PlyCount "88"]
[EventDate "2016.??.??"]
[EventCountry "AZE"]
[SourceTitle "playchess.com"]
[Source "ChessBase"]
[WhiteTeam "Montenegro"]
[BlackTeam "Qatar"]
[WhiteTeamCountry "MNE"]
[BlackTeamCountry "QAT"]
[TimeControl "40/5400+30:1800+30"]

1. c4 {(00:00} e5 {(00:00} 2. Nc3 {(00:00} Bb4 {
(00:09} 3. Nd5 {(01:01} Bc5 {(00:28} 4. Nf3 {(
00:06} c6 {(00:19} 5. Nc3 {(00:05} d6 {(00:17} 6. e3 {
(00:13} Bb4 {(00:39} 7. d4 {(02:49} e4 {(00:50}
8. Nd2 {(03:28} Nf6 {(00:25} 9. Be2 {(08:30} Qe7 {
(03:14} 10. Qc2 {(02:27} O-O {(01:46} 11. a3 {(
00:55} Bxc3 {(02:09} 12. Qxc3 {(00:05} c5 {(00:13} 13.
h3 {(10:07} a5 {(08:21} 14. b3 {(04:00} Nc6 {(
20:15} 15. d5 {(09:02} Ne5 {(05:27} 16. a4 {(00:07}
Bf5 {(00:39} 17. Bb2 {(04:14} Bg6 {(01:46} 18. O-O-O {
(09:06} b5 {(08:59} 19. axb5 {(00:53} a4 {(00:
07} 20. bxa4 {(02:39} Rxa4 {(00:08} 21. Kc2 {(10:41}
Nd3 {(06:49} 22. Bxd3 {(04:43} exd3+ {(00:06} 23. Kc1 {
(01:35} Rfa8 {(01:25} 24. e4 {(14:47} Rb4 {(04:
08} 25. f3 {(02:14} Ra2 {(02:00} 26. Nb3 {(00:15} Qa7
{(04:26} 27. Rxd3 {(00:42} Qa4 {(00:27} 28. Nd2 {
(03:19} Rbxb2 {(05:07} 29. Qxb2 {(00:09} Rxb2 {(
02:25} 30. Kxb2 {(00:04} Qb4+ {(00:38} 31. Kc2 {(01:06]
} Qa5 {(02:25} 32. Rb1 {(01:29} Nd7 {(05:34} 33. b6 {
(01:44} f5 {(00:43} 34. b7 {(00:44} Nb8 {(00:08]
} 35. Rdb3 {(03:19} fxe4 {(07:32} 36. Nxe4 {(00:05} Kf7
{(02:46} 37. Rb6 {(01:04} Bxe4+ {(04:18} 38. fxe4 {
(00:02} Kf6 {(00:33} 39. Rc6 {(01:08} Qa2+ {(00:
34} 40. Rb2 {(00:00} Qxc4+ {(00:00} 41. Kd2 {(15:43}
Ke5 {(04:59} 42. Rc8 {(04:01} Kd4 {(01:42} 43. Kd1 {
(02:57} Qf1+ {(01:31} 44. Kc2 {(00:20} Qd3+ {(
00:22} 0-1

[Event "42nd Olympiad Baku 2016 Open"]
[Site "Baku"]
[Date "2016.09.08"]
[Round "6.29"]
[White "Drayton, Anthony"]
[Black "Gauci, Joseph"]
[Result "0-1"]
[ECO "B40"]
[WhiteElo "1923"]
[BlackElo "2151"]
[Annotator ""]
[PlyCount "132"]
[EventDate "2016.??.??"]
[EventCountry "AZE"]
[SourceTitle "playchess.com"]
[Source "ChessBase"]
[WhiteTeam "Guyana"]
[BlackTeam "Malta"]
[WhiteTeamCountry "GUY"]
[BlackTeamCountry "MLT"]
[TimeControl "40/5400+30:1800+30"]

1. e4 {(00:00} c5 {(00:00} 2. Nf3 {(00:00} e6 {(
00:00} 3. Be2 {(04:04} Nc6 {(04:00} 4. O-O {(00:51}
Nf6 {(02:58} 5. Nc3 {(00:13} d6 {(05:37} 6. d4 {
(00:19} cxd4 {(00:15} 7. Nxd4 {(00:28} Be7 {(01:
08} 8. Be3 {(00:34} O-O {(01:14} 9. f3 {(02:07} d5 {
(03:53} 10. exd5 {(00:33} Nxd5 {(00:16} 11. Nxd5 {
(00:45} Qxd5 {(00:39} 12. Nb3 {(06:12} Qe5 {(01:
30} 13. Qc1 {(02:07} Rd8 {(05:00} 14. Re1 {(01:34} b6
{(04:31} 15. f4 {(00:13} Qc7 {(01:13} 16. Bf3 {(
00:16} Bb7 {(00:13} 17. c3 {(00:30} Bf6 {(01:37} 18.
Bf2 {(00:31} Rd7 {(04:31} 19. Qe3 {(02:44} Ne7 {
(03:08} 20. Bxb7 {(03:50} Qxb7 {(00:08} 21. Rad1 {
(00:38} Rad8 {(01:44} 22. Rxd7 {(03:27} Rxd7 {(
02:04} 23. a4 {(01:15} Qd5 {(01:13} 24. Qe4 {(03:24}
g6 {(11:01} 25. Qxd5 {(00:26} Nxd5 {(00:14} 26. g3 {
(01:47} Kf8 {(03:55} 27. Bd4 {(00:14} h5 {(03:
43} 28. Bxf6 {(00:53} Nxf6 {(00:06} 29. Nd4 {(00:12}
Nd5 {(03:00} 30. Kf2 {(00:15} h4 {(04:50} 31. Ra1 {
(00:44} hxg3+ {(00:57} 32. hxg3 {(00:14} a6 {(
00:47} 33. Rd1 {(01:27} Rc7 {(01:09} 34. Re1 {(01:02}
Rc4 {(01:26} 35. Ra1 {(01:32} Ke7 {(00:50} 36. Ke2 {
(00:39} Rc8 {(03:07} 37. Rh1 {(03:02} Rc4 {(00:
35} 38. Kd3 {(01:36} Rxa4 {(04:15} 39. c4 {(00:33} Nf6
{(03:35} 40. Nc6+ {(00:00} Kd6 {(00:00} 41. Ne5 {
(03:03} Ke7 {(05:44} 42. Rh8 {(03:08} Nd7 {(04:
29} 43. Nxd7 {(03:56} Kxd7 {(00:12} 44. Rb8 {(00:15}
Rb4 {(04:52} 45. Kc3 {(00:22} a5 {(00:19} 46. b3 {
(01:04} Ke7 {(01:04} 47. g4 {(01:30} Kf6 {(02:
23} 48. Rb7 {(03:32} g5 {(00:49} 49. fxg5+ {(00:23}
Kxg5 {(00:09} 50. Rxf7 {(00:24} Kxg4 {(00:07} 51. Rf1 {
(01:22} e5 {(01:14} 52. Rf8 {(07:48} Kg3 {(06:
23} 53. Rg8+ {(21:16} Kf3 {(00:39} 54. Rf8+ {(00:14}
Ke3 {(00:25} 55. Rf5 {(01:47} e4 {(00:30} 56. c5 {
(00:49} Rb5 {(00:28} 57. Rf6 {(14:01} Rxc5+ {(
00:22} 58. Kb2 {(00:12} b5 {(00:34} 59. b4 {(01:06}
axb4 {(00:31} 60. Kb3 {(00:06} Rc8 {(01:26} 61. Kxb4 {
(00:07} Rb8 {(02:22} 62. Rf7 {(01:06} Kd2 {(00:
37} 63. Rd7+ {(00:19} Ke2 {(00:14} 64. Re7 {(00:35} e3
{(00:06} 65. Kc3 {(00:25} b4+ {(00:15} 66. Kd4 {
(00:09} Kd2 0-1